 Dungeon Crawl Stone Soup version 0.31.0-11-ge490571c62 (webtiles) character file.

Game seed: 6097440406410863212

758 qw the Ducker (level 7, -6/35 HPs)
             Began as a Spriggan Hunter on Feb 4, 2024.
             Mangled by a troll (13 damage)
             ... on level 5 of the Dungeon.
             The game lasted 00:00:16 (3456 turns).

qw the Ducker (Spriggan Hunter)                     Turns: 3456, Time: 00:00:17

Health: -6/35      AC:  3    Str:  3    XL:     7   Next: 50%
Magic:  8/8        EV: 22    Int: 11    God:
Gold:   159        SH:  0    Dex: 20    Spells: 6/6 levels left

rFire   + . .        f - +5 sling "Ampiuleekk" {heavy, rF+ rC+ rN+ Str-4}
rCold   + . .        (no shield)
rNeg    + . .        c - +1 robe
rPois   .            (helmet restricted)
rElec   .            (no cloak)
rCorr   .            (gloves unavailable)
SInv    +            (boots unavailable)
Will    +....        (no amulet)
Stlth   ++           (no ring)
HPRegen 0.25/turn    (no ring)
MPRegen 0.11/turn

%: no passive effects
@: very quick
A: very small, no large weapons, unfitting armour, see invisible, speed 3
a: no special abilities


You were on level 5 of the Dungeon.
You visited 1 branch of the dungeon, and saw 5 of its levels.

You collected 353 gold pieces.
You spent 194 gold pieces at shops.


Innate Abilities, Weirdness & Mutations

You are very small and have problems with some larger weapons.
You are too small for most types of armour.
You have supernaturally acute eyesight. (SInv)
You cover ground extremely quickly. (Speed+++)


   Skills:
 - Level 2.0 Fighting
 + Level 7.4 Ranged Weapons
 - Level 7.4 Dodging
 - Level 1.5 Stealth


You had 6 spell levels left.
You didn't know any spells.
Your spell library was empty.

Inventory:

Hand Weapons
 f - the +5 sling "Ampiuleekk" (weapon) {heavy, rF+ rC+ rN+ Str-4}
   (You found it on level 2 of the Dungeon)

   Str-4:     It affects your strength (-4).
   rF+:       It protects you from fire.
   rC+:       It protects you from cold.
   rN+:       It protects you from negative energy.
Armour
 c - a +1 robe (worn)
Wands
 a - a wand of paralysis (6) (quivered)
Scrolls
 d - a scroll of teleportation
Potions
 b - 4 potions of curing
 g - a potion of mutation
 j - a potion of cancellation

Dungeon Overview and Level Annotations

Branches:
Dungeon (5/15)
 Temple: D:4-7

Altars:
Ashenzari
Dithmenos
Fedhas
Sif Muna
Zin

Shops:
D:2 [   D:4 *

Annotations:
D:3 1 runed translucent door, Crazy Yiuf


Message History

Enter note:
Enter note:
Enter note:
Enter note:
Found a potion of cancellation and a robe.
A troll is nearby!
A troll is nearby!
A troll is nearby!
Enter note:
Enter note:
Enter note:
Enter note:
3450 ||| ZAPPING wand of paralysis (10) at -1,-3 (troll; floor).
Aiming: Paralyse
Press: ? - help, Q - select action, (/) - cycle Shift-Dir - straight line, f - troll The troll resists with some effort.
3451 ||| ZAPPING wand of paralysis (9) at -1,-2 (troll; floor).
Aiming: Paralyse
Press: ? - help, Q - select action, (/) - cycle Shift-Dir - straight line, f/p - troll The troll resists with some effort.
3452 ||| ZAPPING wand of paralysis (8) at 0,-1 (troll; floor).
Aiming: Paralyse
Press: ? - help, Q - select action, (/) - cycle Shift-Dir - straight line, f/p - troll The troll suddenly stops moving!
You shoot a sling bullet. The sling bullet hits the troll!
The troll is moderately wounded.
You shoot a sling bullet. The sling bullet hits the troll!
The troll is heavily wounded.
You shoot a sling bullet. The sling bullet hits the troll.
The troll is heavily wounded.
The troll is no longer paralysed.
The troll misses you. The troll completely misses you. The troll claws you.
The troll completely misses you. The troll closely misses you.
The troll claws you!
3456 ||| ZAPPING wand of paralysis (7) at 0,-1 (troll; floor).
Aiming: Paralyse
Press: ? - help, Q - select action, (/) - cycle Shift-Dir - straight line, f/p - troll The troll resists with some effort.
The troll bites you! The troll claws you!
You die...

.....###%..)#######.######...##..
....###.####.#T[#.......##.#.....
...## #.# #.#h.###.....##.##..#.
...# #.# #.###..#.....##....##.
.#.# #.####.### #........#####.
##.#####%.#.##.. #.|...##.## #.
#....##..#.# .###.....##..####.
##.######'#.# #T.#.....##.....#.
.....'..%.#.####@.#.....#........
##.###.88.##....##########...####
#.# #.88.#######...##...##.##...
#.# #....# ##.##.8.8.#.#.8.8 ###
###### #.##.._..#.#.._.
#.##.8...#.#...8 #.###...'#.#'...
#.#.#####...#### #.........}.....


You could see a troll.

Vanquished Creatures
  Grinder (D:3)
  An ice beast (D:5)
  2 scorpions (D:5)
  2 jellies (D:5)
  A sleepcap (D:4)
  4 orc wizards
  2 iguanas (D:5)
  A gnoll (D:1)
  4 adders
  2 ribbon worms
  4 dart slugs
  6 orcs
  6 ball pythons
  4 endoplasms
  3 giant cockroaches
  4 goblins
  6 hobgoblins
  2 jackals (D:1)
  2 bats
  2 frilled lizards
  3 kobolds
  5 rats
67 creatures vanquished.

Notes
Turn   | Place    | Note
-------+----------+-------------------------------------------
     0 | D:1      | qw the Spriggan Hunter began the quest for the Orb.
     0 | D:1      | Reached XP level 1. HP: 10/10 MP: 2/2
     0 | D:1      | 0 ||| qw: Version: 0.3-a-160-g6735b56
     0 | D:1      | 0 ||| qw: Game counter: 5622
     0 | D:1      | 0 ||| qw: Melee chars always use a shield: true
     0 | D:1      | 0 ||| qw: God list: Okawaru
     0 | D:1      | 0 ||| qw: Allow faded altars: false
     0 | D:1      | 0 ||| qw: Do Orc after clearing Dungeon:15 true
     0 | D:1      | 0 ||| qw: Do second Lair branch before Depths: true
     0 | D:1      | 0 ||| qw: Lair rune preference: random
     0 | D:1      | 0 ||| qw: Goals: Normal
     0 | D:1      | 0 ||| PLANNING D:1-11
    36 | D:1      | Reached skill level 3 in Dodging
   125 | D:1      | Reached XP level 2. HP: 11/14 MP: 3/3
   779 | D:1      | Reached XP level 3. HP: 18/18 MP: 4/4
   828 | D:1      | 828 ||| READING scroll labelled SAUXOBBUHOU.
   829 | D:1      | 829 ||| READING scroll labelled CYPNUQ FEBBOOT.
   830 | D:1      | 830 ||| READING scroll labelled RAVEOPTEUL.
   830 | D:1      | 830 ||| IDENTIFYING scroll labelled HUXZAKHL IZXEI
   831 | D:1      | 831 ||| READING scroll labelled VOFFEASKEA.
   836 | D:1      | 836 ||| DROPPING scroll of butterflies.
   837 | D:1      | 837 ||| DROPPING scroll of vulnerability.
   900 | D:2      | Found Ymnuothre's Armour Shoppe.
  1257 | D:2      | Identified the +5 sling "Ampiuleekk" {heavy, rF+ rC+ rN+
                  | Str-4}
  1259 | D:2      | 1259 ||| SWAPPING to +5 sling "Ampiuleekk" {heavy, rF+ rC+
                  | rN+ Str-4}.
  1260 | D:2      | 1260 ||| DROPPING +0 shortbow.
  1304 | D:2      | 1304 ||| DRINKING 2 fizzy black potions.
  1342 | D:3      | Reached XP level 4. HP: 22/22 MP: 5/5
  1392 | D:3      | Found a runed translucent door.
  1393 | D:3      | Noticed Crazy Yiuf
  1495 | D:3      | Noticed Grinder
  1501 | D:3      | Paralysed by Grinder for 4 turns
  1506 | D:3      | HP: 5/22 [Grinder (4)]
  1507 | D:3      | 1507 ||| READING scroll of teleportation.
  1607 | D:3      | Killed Grinder
  1608 | D:3      | Reached XP level 5. HP: 25/25 MP: 6/6
  1608 | D:3      | Reached XP level 6. HP: 30/30 MP: 7/7
  2098 | D:3      | 2098 ||| READING scroll of identify.
  2098 | D:3      | 2098 ||| IDENTIFYING smoky amethyst potion
  2099 | D:3      | 2099 ||| READING scroll labelled WOTHROFUOKA.
  2099 | D:3      | 2099 ||| ENCHANTING +0 robe.
  2283 | D:4      | Found Waomen's Assorted Antiques.
  2291 | D:4      | 2291 ||| BUYING amethyst potion (26 gold).
  2291 | D:4      | Bought an amethyst potion for 26 gold pieces
  2291 | D:4      | 2291 ||| BUYING fuming amethyst potion (26 gold).
  2291 | D:4      | Bought a fuming amethyst potion for 26 gold pieces
  2291 | D:4      | 2291 ||| BUYING fuming amethyst potion (26 gold).
  2291 | D:4      | Bought a fuming amethyst potion for 26 gold pieces
  2291 | D:4      | 2291 ||| BUYING scroll of identify (58 gold).
  2291 | D:4      | Bought a scroll of identify for 58 gold pieces
  2291 | D:4      | 2291 ||| BUYING scroll of identify (58 gold).
  2291 | D:4      | Bought a scroll of identify for 58 gold pieces
  2291 | D:4      | 2291 ||| SHOPLISTING scroll of identify (58 gold, have 54).
  2492 | D:4      | 2492 ||| DROPPING ring of wizardry.
  2493 | D:4      | 2493 ||| READING 2 scrolls of identify.
  2493 | D:4      | 2493 ||| IDENTIFYING dark potion
  2494 | D:4      | 2494 ||| READING scroll of identify.
  2494 | D:4      | 2494 ||| IDENTIFYING red potion
  2495 | D:4      | 2495 ||| READING scroll labelled JEGUKU SA TOZ.
  2496 | D:4      | 2496 ||| READING scroll labelled ULOPHA CAXKENAQIBB.
  2497 | D:4      | 2497 ||| DRINKING 2 amethyst potions.
  2498 | D:4      | 2498 ||| DRINKING 2 fuming amethyst potions.
  2499 | D:4      | 2499 ||| FLEEEEING.
  2500 | D:4      | 2500 ||| FLEEEEING.
  2501 | D:4      | 2501 ||| FLEEEEING.
  2502 | D:4      | 2502 ||| FLEEEEING.
  2503 | D:4      | 2503 ||| STAIRDANCE
  2505 | D:3      | 2505 ||| FLEEEEING.
  2506 | D:3      | 2506 ||| FLEEEEING.
  2507 | D:3      | 2507 ||| FLEEEEING.
  2508 | D:3      | 2508 ||| FLEEEEING.
  2509 | D:3      | 2509 ||| FLEEEEING.
  2510 | D:3      | 2510 ||| FLEEEEING.
  2511 | D:3      | 2511 ||| FLEEEEING.
  2512 | D:3      | 2512 ||| FLEEEEING.
  2513 | D:3      | 2513 ||| FLEEEEING.
  2514 | D:3      | 2514 ||| FLEEEEING.
  2515 | D:3      | 2515 ||| FLEEEEING.
  2516 | D:3      | 2516 ||| FLEEEEING.
  2517 | D:3      | 2517 ||| FLEEEEING.
  2518 | D:3      | 2518 ||| FLEEEEING.
  2519 | D:3      | 2519 ||| FLEEEEING.
  2520 | D:3      | 2520 ||| FLEEEEING.
  2521 | D:3      | 2521 ||| FLEEEEING.
  2522 | D:3      | 2522 ||| FLEEEEING.
  2523 | D:3      | 2523 ||| FLEEEEING.
  2524 | D:3      | 2524 ||| FLEEEEING.
  2525 | D:3      | 2525 ||| FLEEEEING.
  2526 | D:3      | 2526 ||| FLEEEEING.
  2527 | D:3      | 2527 ||| FLEEEEING.
  2528 | D:3      | 2528 ||| FLEEEEING.
  2529 | D:3      | 2529 ||| FLEEEEING.
  2530 | D:3      | 2530 ||| FLEEEEING.
  2531 | D:3      | 2531 ||| FLEEEEING.
  2532 | D:3      | 2532 ||| FLEEEEING.
  2533 | D:3      | 2533 ||| FLEEEEING.
  2534 | D:3      | 2534 ||| FLEEEEING.
  2535 | D:3      | 2535 ||| FLEEEEING.
  2536 | D:3      | 2536 ||| STAIRDANCE
  2538 | D:2      | 2538 ||| FLEEEEING.
  2539 | D:2      | 2539 ||| FLEEEEING.
  2540 | D:2      | 2540 ||| FLEEEEING.
  2541 | D:2      | 2541 ||| FLEEEEING.
  2542 | D:2      | 2542 ||| FLEEEEING.
  2543 | D:2      | 2543 ||| FLEEEEING.
  2544 | D:2      | 2544 ||| FLEEEEING.
  2545 | D:2      | 2545 ||| FLEEEEING.
  2546 | D:2      | 2546 ||| FLEEEEING.
  2547 | D:2      | 2547 ||| FLEEEEING.
  2548 | D:2      | 2548 ||| FLEEEEING.
  2549 | D:2      | 2549 ||| FLEEEEING.
  2550 | D:2      | 2550 ||| FLEEEEING.
  2551 | D:2      | 2551 ||| FLEEEEING.
  2552 | D:2      | 2552 ||| FLEEEEING.
  2553 | D:2      | 2553 ||| FLEEEEING.
  2554 | D:2      | 2554 ||| FLEEEEING.
  2555 | D:2      | 2555 ||| FLEEEEING.
  2556 | D:2      | 2556 ||| FLEEEEING.
  2557 | D:2      | 2557 ||| FLEEEEING.
  2558 | D:2      | 2558 ||| FLEEEEING.
  2559 | D:2      | 2559 ||| FLEEEEING.
  2560 | D:2      | 2560 ||| FLEEEEING.
  2561 | D:2      | 2561 ||| FLEEEEING.
  2562 | D:2      | 2562 ||| FLEEEEING.
  2563 | D:2      | 2563 ||| FLEEEEING.
  2564 | D:2      | 2564 ||| FLEEEEING.
  2565 | D:2      | 2565 ||| FLEEEEING.
  2566 | D:2      | 2566 ||| FLEEEEING.
  2567 | D:2      | 2567 ||| FLEEEEING.
  2568 | D:2      | 2568 ||| FLEEEEING.
  2569 | D:2      | 2569 ||| FLEEEEING.
  2570 | D:2      | 2570 ||| FLEEEEING.
  2571 | D:2      | 2571 ||| FLEEEEING.
  2572 | D:2      | 2572 ||| FLEEEEING.
  2573 | D:2      | 2573 ||| FLEEEEING.
  2574 | D:2      | 2574 ||| FLEEEEING.
  2575 | D:2      | 2575 ||| FLEEEEING.
  2576 | D:2      | 2576 ||| FLEEEEING.
  2577 | D:2      | 2577 ||| FLEEEEING.
  2578 | D:2      | 2578 ||| FLEEEEING.
  2579 | D:2      | 2579 ||| FLEEEEING.
  2580 | D:2      | 2580 ||| FLEEEEING.
  2581 | D:2      | 2581 ||| FLEEEEING.
  2582 | D:2      | 2582 ||| DROPPING potion of degeneration.
  2583 | D:2      | 2583 ||| DROPPING potion of berserk rage.
  2647 | D:5      | Entered Level 5 of the Dungeon
  2744 | D:5      | Found a shadowy altar of Dithmenos.
  2804 | D:5      | HP: 2/30 [orc wizard/magic dart (7)]
  2805 | D:5      | 2805 ||| READING 2 scrolls of teleportation.
  2806 | D:5      | 2806 ||| DRINKING potion of heal wounds.
  2905 | D:5      | 2905 ||| FLEEEEING.
  2907 | D:5      | 2907 ||| FLEEEEING.
  2908 | D:5      | 2908 ||| FLEEEEING.
  2909 | D:5      | 2909 ||| FLEEEEING.
  2910 | D:5      | 2910 ||| FLEEEEING.
  2911 | D:5      | 2911 ||| FLEEEEING.
  2912 | D:5      | 2912 ||| STAIRDANCE
  3014 | D:4      | 3014 ||| READING scroll of identify.
  3014 | D:4      | 3014 ||| IDENTIFYING orange potion
  3015 | D:4      | 3015 ||| DROPPING potion of ambrosia.
  3021 | D:5      | Reached skill level 6 in Ranged Weapons
  3022 | D:5      | 3022 ||| STAIRDANCE
  3128 | D:5      | Found a glowing silver altar of Zin.
  3128 | D:5      | Noticed an ice beast
  3136 | D:5      | Killed an ice beast
  3137 | D:5      | Reached XP level 7. HP: 26/35 MP: 8/8
  3173 | D:5      | Found a blossoming altar of Fedhas.
  3187 | D:5      | Found a broken altar of Ashenzari.
  3190 | D:5      | Found a shimmering blue altar of Sif Muna.
  3319 | D:5      | Noticed a troll
  3320 | D:5      | 3320 ||| READING scroll labelled MOZ IS GAIL.
  3450 | D:5      | 3450 ||| ZAPPING wand of paralysis (10) at -1,-3 (troll;
                  | floor).
  3451 | D:5      | 3451 ||| ZAPPING wand of paralysis (9) at -1,-2 (troll;
                  | floor).
  3452 | D:5      | 3452 ||| ZAPPING wand of paralysis (8) at 0,-1 (troll;
                  | floor).
  3456 | D:5      | 3456 ||| ZAPPING wand of paralysis (7) at 0,-1 (troll;
                  | floor).
  3456 | D:5      | HP: 7/35 [troll (15)]
  3456 | D:5      | Mangled by a troll

Levels and vault maps discovered:
D:1:      tarquinn_simple_flora_water_d, layout_loops_corners
D:2:      layout_basic, serial_shops, nicolae_shop_window_shopping
D:3:      layout_loops_ring, uniq_crazy_yiuf_cottage, uniq_grinder
D:4:      layout_basic, serial_shops, shop
D:5:      minmay_chambers_of_fours, layout_rooms,
          grunt_dithmenos_smoke_and_mirrors, grunt_temple_overflow_cloverleaf

Skill      XL: |  1  2  3  4  5  6  7 |
---------------+----------------------+-----
Dodging        | 3 4 7 |  7.4
Ranged Weapons | 5 6 7 |  7.4
Fighting       | 2 |  2.0
Stealth        | |  1.5

Action                     |  1- 3 |  4- 6 |  7- 9 || total
---------------------------+-------+-------+-------++-------
   Fire: Shortbow          |    93 |       |       ||    93
         Sling             |     3 |    71 |    19 ||    93
  Evoke: Wand              |       |       |     4 ||     4
    Use: Scroll            |     4 |     9 |     1 ||    14
         Potion            |     1 |     3 |       ||     4
 Armour: Robe              |     6 |    23 |     8 ||    37
  Dodge: Dodged            |    24 |    41 |     9 ||    74

Table legend:
 A = Non-vault XP
 B = Vault XP
 C = Vault XP percentage of total XP
 D = Non-vault monster count
 E = Vault monster count
 F = Vault count percentage of total count
                 A         B        C        D         E       F
            +---------+---------+-------+---------+---------+-------
      Total |     644 |     440 |  40.6 |      62 |       5 |   7.5
            +---------+---------+-------+---------+---------+-------
        D:1 |      47 |       0 |   0.0 |      19 |       0 |   0.0
        D:2 |      48 |       0 |   0.0 |      15 |       0 |   0.0
        D:3 |      18 |     281 |  94.0 |       8 |       1 |  11.1
        D:4 |      91 |       0 |   0.0 |       8 |       0 |   0.0
        D:5 |     440 |     159 |  26.5 |      12 |       4 |  25.0
            +---------+---------+-------+---------+---------+-------
